 Dungeon Crawl Stone Soup version 0.25-a0-366-g516bc45ae0 (webtiles) character file.

Game seed: 5272216655772538881, levelgen mode: deterministic

38 DerDa the Shield-Bearer (level 3, 0/19 HPs)
             Began as a Vine Stalker Fighter on Jan 6, 2020.
             Succumbed to a worker ant's poison
             ... on level 1 of the Dungeon.
             The game lasted 00:02:09 (953 turns).

DerDa the Shield-Bearer (Vine Stalker Fighter)       Turns: 953, Time: 00:02:10

Health: 0/19       AC:  7    Str: 23    XL:     3   Next: 43%
Magic:  4/6        EV: 13    Int:  8    God:
Gold:   71         SH: 10    Dex: 19    Spells: 4/4 levels left

rFire    . . .     SeeInvis .   a - +0 long sword
rCold    . . .     Gourm    .   c - +0 shield
rNeg     . . .     Faith    .   b - +0 scale mail
rPois    .         Spirit   +   m - +0 helmet
rElec    .         Reflect  .   (no cloak)
rCorr    .         Harm     .   (no gloves)
MR       .....                  (no boots)
Stlth    +.........             (no amulet)
HPRegen  0.06/turn              (no ring)
MPRegen  0.10/turn              (no ring)

@: mighty, agile, lethally poisoned (0 -> -8), hasted, very quick
A: fangs 2, magic shield, antimagic bite, no potion heal 3, rot immunity
a: no special abilities


You were on level 1 of the Dungeon.
You were not hungry.

You visited 1 branch of the dungeon, and saw 2 of its levels.

You collected 71 gold pieces.

Inventory:

Hand Weapons
 a - a +0 long sword (weapon)
Missiles
 n - 44 stones (quivered)
Armour
 b - a +0 scale mail (worn)
 c - a +0 shield (worn)
 m - a +0 helmet (worn)
Jewellery
 k - an uncursed ring of flight {unknown}
Scrolls
 e - a scroll of teleportation {unknown}
 j - 2 scrolls of fear {unknown}
 l - 2 scrolls of fog {unknown}
 o - a scroll of enchant armour {unknown}
 p - a scroll of identify {unknown}
Comestibles
 f - 2 rations


   Skills:
 + Level 2.8 Fighting
 - Level 1.7 Long Blades
 + Level 2.6 Armour
 * Level 1.2 Dodging
 + Level 2.9 Shields
 * Level 1.3 Spellcasting


You had 4 spell levels left.
You didn't know any spells.
Your spell library was empty.

Dungeon Overview and Level Annotations

Branches:
Dungeon (2/15)

Altars:


Innate Abilities, Weirdness & Mutations

You have extremely sharp teeth.
When hurt, damage is shared between your health and your magic reserves.
Your bite disrupts and absorbs the magic of your enemies.
Potions cannot restore your health.
You are immune to rotting.


Message History

* * * LOW HITPOINT WARNING * * *
You feel sick.
It was a potion of agility.
You feel agile all of a sudden.
* * * LOW HITPOINT WARNING * * *
You feel sick.
Unknown command.
Unknown command.
Unknown command.
Unknown command.
Unknown command.
Unknown command.
Unknown command.
* * * LOW HITPOINT WARNING * * *
You feel sick.
* * * LOW HITPOINT WARNING * * *
You feel sick.
* * * LOW HITPOINT WARNING * * *
You feel sick.
You die...

#............#######♣♣♣
########.###.......♣P♣♣
#.# #.######♣P.. #.#
#.# ♣♣... #.# #.#
##♣♣.P♣. ####.# #.#
#...P.P♣ #....###.#
#.♣..♣P♣ #.#....#.#
#.#♣♣♣♣♣ #.@..♣.♣.♣
#.......
##.#.#...#####.)...
#.#.♣.♣.♣.........
#.#.....#...#.....
#.##♣#♣.♣.>....... #.#
#........... #.#
♣.♣#.####### #.# ♣.♣#.#
# #.# ♣.♣#.#


There were no monsters in sight!

Vanquished Creatures
  A worker ant (D:1)
  A leopard gecko (D:1)
  A ball python (D:1)
  3 goblins (D:1)
  5 kobolds (D:1)
  A bat (D:1)
  A frilled lizard (D:1)
  5 rats (D:1)
18 creatures vanquished.

Notes
Turn   | Place    | Note
-------+----------+-------------------------------------------
     0 | D:1      | DerDa the Vine Stalker Fighter began the quest for the Orb.
     0 | D:1      | Reached XP level 1. HP: 11/11 MP: 2/2
   129 | D:1      | Reached XP level 2. HP: 14/16 MP: 3/3
   941 | D:1      | Reached skill level 1 in Dodging
   941 | D:1      | Reached skill level 1 in Spellcasting
   941 | D:1      | Reached XP level 3. HP: 7/19 MP: 3/6
   953 | D:1      | Succumbed to a worker ant's poison

Levels and vault maps discovered:
D:1:      dpeg_arrival_chase, layout_loops_ring, serial_forest,
          infiniplex_forest_straight_5, infiniplex_forest_lined_room_,
          infiniplex_forest_straight_2, infiniplex_forest_straight_3,
          infiniplex_forest_end_3, minmay_misc_feat_hallway
D:2:      layout_loops_ring, lemuel_blue_sif_altar, overflow_temple_1_default,
          serial_bayou_lagoon_a, uniq_crazy_yiuf_cottage

Skill      XL: |  1  2 |
---------------+-------+-----
Dodging        | 1 |  1.2
Spellcasting   | 1 |  1.3
Fighting       | |  2.8
Long Blades    | |  1.7
Armour         | |  2.6
Shields        | |  2.9

Action                   || total
-------------------------++-------
Melee: Long sword        ||    50
       Bite              ||    12
  Use: Potion            ||     3
Armor: Scale mail        ||    25
Dodge: Dodged            ||    17
Block: Shield            ||    21
       Rpst.: Long sword ||     6

Table legend:
 A = Non-vault XP
 B = Vault XP
 C = Vault XP percentage of total XP
 D = Non-vault monster count
 E = Vault monster count
 F = Vault count percentage of total count
                 A         B        C        D         E       F
            +---------+---------+-------+---------+---------+-------
      Total |      55 |       0 |   0.0 |      18 |       0 |   0.0
            +---------+---------+-------+---------+---------+-------
        D:1 |      55 |       0 |   0.0 |      18 |       0 |   0.0
            +---------+---------+-------+---------+---------+-------
